 Dungeon Crawl Stone Soup version 0.27.0-65-ge2af304b15 (webtiles) character file.

Game seed: 10364182020663414248

201 ZARRMARR the Ruffian (level 6, -5/43 HPs)
             Began as a Djinni Gladiator on Aug 19, 2021.
             Slain by a gnoll shaman (10 damage)
             ... on level 6 of the Dungeon.
             The game lasted 00:10:36 (3633 turns).

ZARRMARR the Ruffian (Djinni Gladiator)             Turns: 3633, Time: 00:10:37

Health: -5/43      AC:  4    Str: 15    XL:     6   Next: 7%
Gold:   75         EV: 13    Int: 10    God:
                   SH:  0    Dex: 14

rFire    + + .     SeeInvis .     - Unarmed
rCold    x . .     Faith    .   (no shield)
rNeg     . . .     Spirit   .   a - +0 leather armour
rPois    ∞         Reflect  .   b - +0 helmet
rElec    .         Harm     .   (no cloak)
rCorr    .         Rampage  .   (no gloves)
Will     .....                  (boots unavailable)
Stlth    +.........             (no amulet)
HPRegen  0.14/turn              (no ring)
MPRegen  0.00/turn              (no ring)

@: lit by a corona, flying, hasted, glowing, very quick
A: sickness immunity, fire resistance 2, cold vulnerability 1, float, innate
caster, hp casting, extra vitality 1
a: no special abilities


You were on level 6 of the Dungeon.
You visited 1 branch of the dungeon, and saw 5 of its levels.

You collected 75 gold pieces.

Inventory:

Missiles
 c - 3 throwing nets
 f - 12 poisoned darts (quivered)
Armour
 a - a +0 leather armour (worn)
 b - a +0 helmet (worn)
Scrolls
 e - a scroll of blinking
 h - a scroll of summoning
 i - a scroll of enchant weapon {unknown}
 l - a scroll of magic mapping {unknown}
 m - a scroll of vulnerability {unknown}
 n - a scroll of acquirement {unknown}
Potions
 d - a potion of curing {unknown}
 g - a potion of haste
 k - a potion of heal wounds {unknown}


   Skills:
 + Level 2.1 Fighting
 - Level 1.5 Throwing
 + Level 2.2 Armour
 + Level 4.0 Dodging
 + Level 0.7 Stealth
 + Level 4.6 Unarmed Combat
 + Level 1.2 Spellcasting


You had 4 spell levels left.
You knew the following spells:

 Your Spells              Type           Power      Damage    Failure   Level
a - Shock                 Conj/Air       12%        1d3       26%         1
b - Corpse Rot            Necr/Air       N/A        N/A       36%         2
Your spell library was empty.

Dungeon Overview and Level Annotations

Branches:
Dungeon (6/15)
 Temple: D:4-7

Altars:


Innate Abilities, Weirdness & Mutations

You are immune to sickness and miasma.
You are immune to poison.
Your flesh is very heat resistant. (rF++)
You are vulnerable to cold. (rC-)
You float through the air rather than walking.
You learn spells naturally, not from books.
Your magical power is your life essence.
You have superior vitality. (+4 HP)


Message History

You hit the gnoll shaman.
The gnoll shaman is moderately wounded.
The gnoll shaman hits you with a +0 whip!
You closely miss the gnoll shaman.
The gnoll shaman is moderately wounded.
You hit the gnoll shaman.
The gnoll shaman is heavily wounded.
The gnoll shaman barely misses you.
You barely miss the gnoll shaman.
You punch the gnoll shaman, but do no damage.
The gnoll shaman is heavily wounded.
The gnoll shaman barely misses you.
You hit the gnoll shaman.
The gnoll shaman is heavily wounded.
The gnoll shaman mumbles some strange prayers to its god.
The gnoll shaman is healed somewhat.
You hit the gnoll shaman.
You punch the gnoll shaman, but do no damage.
The gnoll shaman is heavily wounded.
The gnoll shaman hits you with a +0 whip.
You closely miss the gnoll shaman.
The gnoll shaman is heavily wounded.
The gnoll shaman completely misses you.
You barely miss the gnoll shaman.
The gnoll shaman is heavily wounded.
The gnoll shaman hits you with a +0 whip.
You hit the gnoll shaman but do no damage.
The gnoll shaman is heavily wounded.
The gnoll shaman completely misses you.
You closely miss the gnoll shaman.
The gnoll shaman is heavily wounded.
The gnoll shaman hits you with a +0 whip!
* * * LOW HITPOINT WARNING * * *
You hit the gnoll shaman.
The gnoll shaman is severely wounded.
The gnoll shaman hits you with a +0 whip.
* * * LOW HITPOINT WARNING * * *
It was a potion of haste.
You feel yourself speed up.
The gnoll shaman hits you with a +0 whip!
You die...

###### #....#
#.÷..# #..@.+
#..g.# .
#####....####..
...............
...............
...............
...............
..##+##......##
.. #......#


You could see a gnoll shaman.

Vanquished Creatures
  A water moccasin (D:6)
  4 adders (D:2)
  An adder skeleton (D:2)
  A worm (D:2)
  5 dart slugs
  7 endoplasms
  A giant cockroach (D:1)
  3 goblins
  3 hobgoblins
  2 jackals (D:1)
  3 kobolds
  A quokka (D:1)
  8 ball pythons
  5 bats
  2 frilled lizards (D:1)
  3 rats
50 creatures vanquished.

Notes
Turn   | Place    | Note
-------+----------+-------------------------------------------
     0 | D:1      | ZARRMARR the Djinni Gladiator began the quest for the Orb.
     0 | D:1      | Reached XP level 1. HP: 18/18 MP: 0/0
   459 | D:1      | Reached XP level 2. HP: 19/23 MP: 0/0
  1015 | D:1      | Reached XP level 3. HP: 26/28 MP: 0/0
  1015 | D:1      | Learned a level 1 spell: Shock
  1057 | D:1      | Reached skill level 1 in Armour
  1992 | D:2      | Reached XP level 4. HP: 23/33 MP: 0/0
  2819 | D:2      | Reached XP level 5. HP: 37/38 MP: 0/0
  2819 | D:2      | Learned a level 2 spell: Corpse Rot
  3334 | D:3      | You are sucked into a shaft and drop 3 floors!
  3341 | D:5      | Entered Level 5 of the Dungeon
  3341 | D:5      | Noticed a water moccasin
  3360 | D:6      | Killed a water moccasin
  3361 | D:6      | Reached skill level 1 in Spellcasting
  3361 | D:6      | Reached XP level 6. HP: 7/43 MP: 0/0
  3633 | D:6      | Slain by a gnoll shaman

Illustrated notes

Levels and vault maps discovered:
D:1:      minmay_arrival_jagged, layout_loops_ring, serial_park_tiny_2,
          chequers_serial_rivers_large_b, nrook_loot_triangle
D:2:      minmay_general_purpose_star, layout_basic, serial_bayou_pond_b,
          minmay_misc_feat_iff, kennysheep_cross_room, minmay_liquid_box
D:3:      layout_rooms, kennysheep_cluttered_room
D:5:      layout_rooms, minitemple, minmay_temple_entry_junction
D:6:      layout_gridville, mainiacjoe_overflow_six_doors_small,
          lemuel_round_altar, uniq_crazy_yiuf_cottage

Skill      XL: |  1  2  3  4  5 |
---------------+----------------+-----
Armour         | 1 2 |  2.2
Unarmed Combat | 4 |  4.6
Dodging        | 4 |  4.0
Spellcasting   | 1 |  1.2
Fighting       | |  2.1
Throwing       | |  1.5
Stealth        | |  0.7

Action                   |  1- 3 |  4- 6 || total
-------------------------+-------+-------++-------
Melee: Unarmed           |    98 |    94 ||   192
       Punch             |     1 |     2 ||     3
Throw: Dart              |     5 |     1 ||     6
 Cast: Shock             |    28 |    25 ||    53
  Use: Scroll            |       |     2 ||     2
       Potion            |       |     1 ||     1
Armor: Leather armour    |    21 |    23 ||    44
Dodge: Dodged            |    37 |    55 ||    92
